Unix NetHack Version 5.0.0-0 post-release - last build May  4 2026 22:22:43 (774f63e81ad911689b3a0859ea89b322d5daca8d,branch:main).

Game began 2026-05-10 16:06:24, ended 2026-05-10 16:21:52.

DiePARTEI, neutral male gnomish Archeologist

                                                                      ---
                                                                     -...----
                                                                     .......--
                                                             ....    ..--....|
                                                             .<..-      --..-|
                                                             ---..----  |....--
                                                               |.....| --.....|
                                                               --.|..---.:...-|
                                                                   --..fe@?...|
                                                                    |...:...^--
                                                                     .......-|
                                                                      .......-
                                                                       .......|
                                                                        --...--
                                                                         |...

DiePARTEI the Field Worker  St:12 Dx:10 Co:12 In:16 Wi:17 Ch:10  Neutral
Dlvl:4  $:129 HP:0(26) Pw:14(14) AC:8  Xp:3 T:2407 

Latest messages:
 What do you want to use or apply? [ae-grsx or ?*] x
 Your lamp is now on.
 You find a teleportation trap.
 You see here 7 rocks.
 M - 7 rocks.
 What do you want to ready? [$ or ?*] M
 M - 7 rocks (in quiver pouch).
 The hobgoblin hits!
 You lash the hobgoblin.
 You kill the hobgoblin!
 Your kitten eats a hobgoblin corpse.
 In what direction? 4
 The rock hits the floating eye.
 The rock hits the floating eye.
 The rock misses the floating eye.
 The rock misses the floating eye.
 The rock hits the floating eye.
 The rock hits the floating eye.
 The rock misses the floating eye.
 You flick your bullwhip towards the floating eye.
 You miss the floating eye.
 You are frozen by the floating eye's gaze!
 The kitten picks up a scroll labeled KERNOD WEL.
 You hear crashing rock.
 The kitten drops a scroll labeled KERNOD WEL.
 The kitten picks up a scroll labeled KERNOD WEL.
 The kitten drops a scroll labeled KERNOD WEL.
 You hear crashing rock.
 You hear crashing rock.
 The kitten bites the floating eye.
 The kitten is frozen by the floating eye's gaze!
 You hear crashing rock.
 The gecko bites!
 The gecko bites!
 The gecko bites!
 The gecko bites!
 The gecko bites!
 The gecko bites!
 The gecko bites!
 The gecko bites!
 The gecko bites!
 The gecko bites!
 The gecko bites!
 You hear crashing rock.
 The gecko bites!
 The iguana bites!
 The iguana bites!
 You die...
 Do you want your possessions identified? [ynq] (y) y
 Do you want to see your attributes? [ynq] (y) q

Inventory:
 Coins    ('$')
  $ - 129 gold pieces
 Weapons  (')')
  a - a +2 bullwhip (weapon in left hand)
 Armor    ('[')
  c - an uncursed +0 fedora (being worn)
  H - an uncursed +0 pair of gauntlets of dexterity (being worn)
  b - a blessed +0 leather jacket (being worn)
 Comestibles  ('%')
  K - an uncursed cram ration
  d - 4 uncursed food rations
  y - 2 uncursed fortune cookies
 Scrolls  ('?')
  J - an uncursed scroll of blank paper
  D - an uncursed scroll of confuse monster
  i - an uncursed scroll of create monster
  w - an uncursed scroll of enchant armor
  I - an uncursed scroll of magic mapping
 Potions  ('!')
  L - an uncursed potion of object detection
 Tools    ('(')
  s - an empty uncursed sack
  r - an uncursed leash
  x - an uncursed oil lamp (lit)
  e - a +0 pick-axe (alternate weapon; not wielded)
  f - a tinning kit (0:97)
 Gems/Stones  ('*')
  z - an uncursed agate stone
  g - an uncursed touchstone

DiePARTEI the Archeologist's attributes:

Background:
 You were a Field Worker, a level 3 male gnomish Archeologist.
 You were neutral, on a mission for Camaxtli
 who was opposed by Quetzalcoatl (lawful) and Huhetotl (chaotic).
 You were left-handed.
 You were in the Gnomish Mines, on level 4.
 You entered the dungeon 2407 turns ago.
 You had 56 experience points, 24 more were needed to attain level 4.

Basics:
 You had 0 out of 26 hit points.
 You had all 14 energy points (spell power).
 Your armor class was 8.
 Your wallet contained 129 zorkmids.
 Autopickup was off.

Final Characteristics:
 Your strength was 12 (limit:18/50).
 Your dexterity was 10 (limit:18).
 Your constitution was 12 (limit:18).
 Your intelligence was 16 (limit:19).
 Your wisdom was 17 (limit:18).
 Your charisma was 10 (limit:18).

Final Status:
 You weren't hungry.
 You were unencumbered.
 You were wielding a whip.
 You had basic skill with whip.

Final Attributes:
 You were devoutly aligned.
 You had automatic searching.
 You had infravision.
 You were lucky.
 You are dead.

Miscellaneous:
 You didn't encounter any bones levels.
 Total elapsed playing time was 15 minutes and 27 seconds.

Major events:
 Turn
    1: DiePARTEI the neutral male gnomish Archeologist entered the dungeon
 2262: entered the Gnomish Mines
 2265: attained the rank of Field Worker (level 3)
 2407: killed by an iguana, while frozen by a floating eye's gaze

You didn't know any spells.

Skills:
 Fighting Skills
   bare handed combat [Unskilled]
   two weapon combat  [Unskilled]
   riding             [Unskilled]
 Weapon Skills
   dagger             [Unskilled]
   knife              [Unskilled]
   pick-axe           [Basic]
   short sword        [Unskilled]
   saber              [Unskilled]
   club               [Unskilled]
   quarterstaff       [Unskilled]
   sling              [Unskilled]
   dart               [Unskilled]
   boomerang          [Unskilled]
   whip               [Basic]
   unicorn horn       [Unskilled]
 Spellcasting Skills
   attack spells      [Unskilled]
   healing spells     [Unskilled]
   divination spells  [Unskilled]
   matter spells      [Unskilled]

Voluntary challenges:
 Character rerolling was not enabled.
 You never genocided any monsters.
 You never polymorphed an object.
 You never changed form.
 You used no wishes.
Achievements:
 You entered a shop.
 You entered the Gnomish Mines.
 You attained the rank of Field Worker.

 The Dungeons of Doom: levels 1 to 4
    Level 1:
       An altar to Camaxtli.
    Level 2:
    Level 3:
       A weapon shop, a fountain.
       Stairs down to The Gnomish Mines.
    Level 4:
 The Gnomish Mines:
    Level 4: <- You were here.
       Final resting place for
          you, killed by an iguana, while frozen by a floating eye's gaze.


Vanquished creatures:
  2 giant bats
  2 coyotes
  a hobbit
  a large kobold
  a hobgoblin
  a giant rat
  a yellow mold
  a red mold
  a gnome
  2 geckos
  5 jackals
  2 foxes
  a kobold
  a goblin
  3 grid bugs
  3 lichens
  a kobold zombie
  7 newts
36 creatures vanquished.

No species were genocided or became extinct.

Game over:
                       ----------
                      /          \
                     /    REST    \
                    /      IN      \
                   /     PEACE      \
                  /                  \
                  |    DiePARTEI     |
                  |      129 Au      |
                  |   killed by an   |
                  |      iguana      |
                  |                  |
                  |                  |
                  |       2026       |
                 *|     *  *  *      | *
        _________)/\\_//(\/(/\)/\//\/|_)_______

Goodbye DiePARTEI the Archeologist...

You died in The Gnomish Mines on dungeon level 4 with 511 points,
and 129 pieces of gold, after 2407 moves.
You were level 3 with a maximum of 26 hit points when you died.

